 Dungeon Crawl Stone Soup version 0.28.0 (webtiles) character file.

Game seed: 13217833038755641370

58 Morbidden the Skirmisher (level 3, -1/29 HPs)
             Began as a Demonspawn Fighter on Feb 15, 2022.
             Slain by a steam dragon (6 damage)
             ... on level 3 of the Dungeon.
             The game lasted 00:01:46 (2049 turns).

Morbidden the Skirmisher (Demonspawn Fighter)       Turns: 2049, Time: 00:01:46

Health: -1/29      AC: 10    Str: 18    XL:     3   Next: 75%
Magic:  3/3        EV:  6    Int:  9    God:
Gold:   120        SH:  4    Dex: 12    Spells: 2/2 levels left

rFire   . . .      SeeInvis .   a - +0 war axe
rCold   . . .      Faith    .   c - +0 buckler
rNeg    . . .      Spirit   .   g - +0 chain mail
rPois   .          Reflect  .   (no helmet)
rElec   .          Harm     .   (no cloak)
rCorr   .          Rampage  .   i - +0 pair of gloves
Will    .....                   (no boots)
Stlth   ..........              (no amulet)
HPRegen 0.09/turn               (no ring)
MPRegen 0.08/turn               (no ring)

@: on berserk cooldown, slowed, very slow
A: ignite blood 1, weakness stinger 1
a: no special abilities


You were on level 3 of the Dungeon.
You visited 1 branch of the dungeon, and saw 3 of its levels.

You collected 120 gold pieces.

Inventory:

Hand Weapons
 a - a +0 war axe (weapon)
Missiles
 h - 3 curare-tipped darts
 m - 6 silver boomerangs (quivered)
Armour
 c - a +0 buckler (worn)
 g - a +0 chain mail (worn)
 i - a +0 pair of gloves (worn)
Jewellery
 k - a +6 ring of intelligence
 l - a ring of wizardry
Scrolls
 f - a scroll of identify {unknown}
 j - a scroll of immolation {unknown}
 n - 2 scrolls of teleportation {unknown}
 o - a scroll of amnesia {unknown}
 q - a scroll of enchant weapon {unknown}
Potions
 b - a potion of curing
 d - 2 potions of might
 p - a potion of degeneration {unknown}


   Skills:
 * Level 3.5 Fighting
 + Level 2.8 Axes
 + Level 2.8 Armour
 * Level 0.6 Dodging
 + Level 2.7 Shields
 * Level 0.4 Unarmed Combat


You had 2 spell levels left.
You didn't know any spells.
Your spell library was empty.

Dungeon Overview and Level Annotations

Branches:
Dungeon (3/15)

Altars:

Annotations:
D:2 1 runed translucent door, Crazy Yiuf


Innate Abilities, Weirdness & Mutations

Your demonic aura sometimes causes spilled blood to erupt in flames.
You have a small tail.


Message History

It was a potion of curing.
You feel better.
You are engulfed in a cloud of scalding steam.
Unknown command.
It was a potion of berserk rage.
A red film seems to cover your vision as you go berserk!
You feel yourself moving faster!
You feel mighty!
You are engulfed in a cloud of scalding steam.
Unknown command.
You feel a strong urge to attack something.
Unknown command.
You are engulfed in a cloud of scalding steam.
The steam dragon bites you but does no damage.
The steam dragon barely misses you.
Unknown command.
You slash the steam dragon!
Your tail-slap misses the steam dragon.
The steam dragon is moderately wounded.
You are engulfed in a cloud of scalding steam.
You block the steam dragon's attack.
The steam dragon claws you but does no damage.
Unknown command.
You slash the steam dragon!
The steam dragon is severely wounded.
You are engulfed in a cloud of scalding steam.
The steam dragon breathes steam at you. The ball of steam hits you!
* * * LOW HITPOINT WARNING * * *
You hear a shout!
You hit the steam dragon but do no damage.
The steam dragon is severely wounded.
You are no longer berserk.
You are exhausted.
You feel yourself slow down. You block the steam dragon's attack.
The steam dragon claws you.
* * * LOW HITPOINT WARNING * * *
You closely miss the steam dragon.
The steam dragon is severely wounded.
The steam dragon bites you but does no damage.
The steam dragon claws you but does no damage.
The steam dragon bites you.
You die...

.#.'.....# .###.....# .#
#.....# .# #.....#
.###.....# .........#
......###### .##
....#......########.....
.......(......ยงยง@D(...#
....#......############
...................
....#......########
.####......# .# #......#
## #......# #......#
########


You could see a steam dragon.

Vanquished Creatures
  A worm (D:2)
  2 dart slugs
  7 endoplasms
  2 giant cockroaches
  8 goblins
  A hobgoblin (D:1)
  4 jackals (D:2)
  2 quokkas
  4 ball pythons
  A bat (D:2)
  3 frilled lizards
  6 kobolds
  7 rats
48 creatures vanquished.

Notes
Turn   | Place    | Note
-------+----------+-------------------------------------------
     0 | D:1      | Morbidden the Demonspawn Fighter began the quest for the
                  | Orb.
     0 | D:1      | Reached XP level 1. HP: 18/18 MP: 1/1
   442 | D:1      | Discovered your monstrous ancestry.
   442 | D:1      | Gained mutation: You have a small tail. [demonic ancestry]
   442 | D:1      | Reached XP level 2. HP: 16/24 MP: 2/2
  1004 | D:2      | Gained mutation: Your demonic aura sometimes causes spilled
                  | blood to erupt in flames. [demonic ancestry]
  1004 | D:2      | Reached XP level 3. HP: 29/29 MP: 3/3
  1806 | D:2      | Found a runed translucent door.
  1807 | D:2      | Noticed Crazy Yiuf
  2040 | D:3      | Noticed a steam dragon
  2049 | D:3      | Slain by a steam dragon

Illustrated notes

Levels and vault maps discovered:
D:1:      saegor_arrival_miasma, layout_rooms, grunt_decor_fettered,
          minmay_vboxes
D:2:      layout_loops_ring, kennysheep_generic_room_13, uniq_crazy_yiuf_cottage
D:3:      layout_basic, grunt_temple_overflow_open

Skill      XL: |  1 |
---------------+----+-----
Axes           | 2 |  2.8
Fighting       | |  3.5
Armour         | |  2.8
Dodging        | |  0.6
Shields        | |  2.7
Unarmed Combat | |  0.4

Action                   || total
-------------------------++-------
Melee: War axe           ||   118
       Tailslap          ||     9
  Use: Potion            ||     2
Armor: Chain mail        ||    77
       Scale mail        ||     3
Dodge: Dodged            ||    30
Block: Buckler           ||    22
